 Dungeon Crawl Stone Soup version 0.28.0-43-g3370ac3207 (webtiles) character file.

Game seed: 11694959360521927002

2454 jimonade the Cruncher (level 9, -3/65 HPs)
             Began as a Gnoll Wanderer on Mar 17, 2022.
             Succumbed to a green ugly thing's poison
             ... on level 7 of the Dungeon.
             The game lasted 00:34:14 (9096 turns).

jimonade the Cruncher (Gnoll Wanderer)              Turns: 9096, Time: 00:34:17

Health: -3/65      AC: 15    Str: 11    XL:     9   Next: 50%
Magic:  16/16      EV:  3    Int: 29    God:
Gold:   305        SH:  0    Dex: 12    Spells: 12/18 levels left

rFire   . . .      SeeInvis +   a - +4 quarterstaff
rCold   x . .      Faith    .   (shield currently unavailable)
rNeg    + + +      Spirit   .   R - +0 plate armour
rPois   .          Reflect  .   d - +2 hat "Qeicom" {rC- rN+++ Int+7}
rElec   .          Harm     .   (no cloak)
rCorr   .          Rampage  .   (no gloves)
Will    .....                   K - +0 pair of boots
Stlth   ..........              s - amulet of magic regeneration
HPRegen 0.20/turn               e - +6 ring of intelligence
MPRegen 0.55/turn               f - ring of see invisible

@: mighty, lethally poisoned (-3 -> -29)
A: fangs 1, strong nose, distributed training
a: no special abilities


You were on level 7 of the Dungeon.
You visited 1 branch of the dungeon, and saw 8 of its levels.

You collected 305 gold pieces.

Inventory:

Hand Weapons
 a - a +4 quarterstaff (weapon)
 g - a +1 dagger of venom
 h - a +0 shortbow
 A - a +1 vorpal flail
 L - a +3 mace
Missiles
 i - 238 stones
 l - 83 arrows
 n - 3 javelins
 p - 10 sling bullets
 y - 3 boomerangs
 I - 6 poisoned darts
Armour
 d - the +2 hat "Qeicom" (worn) {rC- rN+++ Int+7}
   (You acquired it on level 2 of the Dungeon)

   Int:       It affects your intelligence (+7).
   rC:        It makes you vulnerable to cold.
   rN:        It renders you almost immune to negative energy.
 o - a +0 helmet
 v - a +2 leather armour of cold resistance
 x - the +2 robe of Inaction {Str+4}
   (You found it on level 4 of the Dungeon)

   Str:       It affects your strength (+4).
 K - a +0 pair of boots (worn)
 Q - +0 steam dragon scales
 R - a +0 plate armour (worn)
Magical Staves
 C - a staff of earth
 M - a staff of conjuration
Jewellery
 e - a +6 ring of intelligence (left hand)
 f - a ring of see invisible (right hand)
 s - an amulet of magic regeneration (around neck)
Wands
 t - a wand of flame (38)
 H - a wand of iceblast (13)
Scrolls
 c - a scroll of noise {unknown}
 j - 2 scrolls of blinking
 k - a scroll of brand weapon {unknown}
 m - a scroll of vulnerability {unknown}
 q - a scroll of magic mapping {unknown}
 u - 3 scrolls of identify
 E - a scroll of immolation {unknown}
 F - a scroll of fear {unknown}
 J - a scroll of silence {unknown}
 N - a scroll of enchant armour {unknown}
 P - 3 scrolls of teleportation
Potions
 r - 2 potions of curing
 w - a potion of might
 z - 2 potions of haste
 B - a potion of heal wounds {unknown}
 D - a potion of brilliance {unknown}
 G - 2 potions of resistance
 O - a potion of mutation {unknown}
Miscellaneous
 b - a piece from Xom's chessboard (15/15)


   Skills:
 + Level 4.3 Fighting
 + Level 4.3 Short Blades
 + Level 4.3 Long Blades
 + Level 4.3 Axes
 + Level 4.3 Maces & Flails
 + Level 4.3 Polearms
 + Level 9.6 Staves
 + Level 4.3 Slings
 + Level 4.3 Bows
 + Level 4.3 Crossbows
 + Level 4.3 Throwing
 + Level 4.3 Armour
 + Level 5.1 Dodging
 + Level 4.3 Stealth
 + Level 4.3 Shields
 + Level 4.3 Unarmed Combat
 + Level 5.2 Spellcasting
 + Level 3.5 Conjurations
 + Level 3.5 Hexes
 + Level 3.5 Summonings
 + Level 3.5 Necromancy
 + Level 3.5 Translocations
 + Level 3.5 Transmutations
 + Level 3.5 Fire Magic
 + Level 3.5 Ice Magic
 + Level 5.2 Air Magic
 + Level 3.5 Earth Magic
 + Level 3.5 Poison Magic
 + Level 4.7 Invocations
 + Level 6.3 Evocations


You had 12 spell levels left.
You knew the following spells:

 Your Spells              Type           Power      Damage    Failure   Level
a - Shock                 Conj/Air       100%       1d9       93%         1
b - Searing Ray           Conj           56%        2d6       99%         2
c - Swiftness             Air            38%        N/A       99%         3

Your spell library contained the following spells:

 Spells                   Type           Power      Damage    Failure   Level
 Magic Dart               Conj           100%       1d8       97%         1
 Pain                     Necr           100%       1d9       97%         1
 Conjure Flame            Conj/Fire      28%        6-21      100%        3
 Ignite Poison            Fire/Tmut/Pois 28%        N/A       100%        3
 Fulminant Prism          Conj/Hex       14%        3d9       100%        4
 Sticky Flame             Conj/Fire      28%        2d5       100%        4
 Agony                    Necr           28%        N/A       100%        5
 Excruciating Wounds      Necr           14%        N/A       100%        5


Dungeon Overview and Level Annotations

Branches:
Dungeon (8/15)
 Temple: D:4-7         Lair: D:8-11

Altars:
Ashenzari
Gozag
Nemelex Xobeh
Ru
Yredelemnul
Zin

Shops:
D:4 (


Innate Abilities, Weirdness & Mutations

You have very sharp teeth.
Your uncanny sense of smell can sniff out nearby items.
Your experience applies equally to all skills.


Message History

w - 2 potions of might
As you read the scroll of identify, it crumbles to dust.
z - 2 potions of haste
As you read the scroll of identify, it crumbles to dust.
G - 2 potions of resistance
There is a stone staircase leading down here.
You feel very mighty all of a sudden.
You climb downwards.
The green ugly thing bites you.
You are poisoned.
The green ugly thing poisons you!
There is a stone staircase leading up here.
You closely miss the green ugly thing.
You feel very sick. The green ugly thing bites you.
You are lethally poisoned!
The green ugly thing poisons you! The bullfrog hits you.
You hit the green ugly thing.
The green ugly thing is lightly wounded.
You feel extremely sick. The green ugly thing bites you.
The bullfrog hits you but does no damage.
You closely miss the green ugly thing. You bite the green ugly thing.
The green ugly thing is lightly wounded.
You feel extremely sick. The bullfrog barely misses you.
The green ugly thing bites you but does no damage.
You barely miss the green ugly thing.
The green ugly thing is lightly wounded.
* * * LOW HITPOINT WARNING * * *
You feel extremely sick.
The bullfrog hits you but does no damage.
The green ugly thing bites you.
* * * LOW HITPOINT WARNING * * *
* * * LOW HITPOINT WARNING * * *
You feel extremely sick. The bullfrog barely misses you.
The bullfrog hits you but does no damage.
The green ugly thing completely misses you.
You climb upwards.
You die...

#...##...#.....#######.
#...##...#.....#.......
#...#....#.....#.......
#...#....#.....#....##.
#...#....'.....#######.
#...##...#...........#.
######...######......#.
#.............#......#.
#.....@.......#......#.
#.....Fu......#......#.
######........#......#.
#...##...######......#.
#...##...# #......#.
#...##...# #......#'
#........# #......#.
#........# #......#.
#'####...######......#.


You could see a green ugly thing and a bullfrog.

Vanquished Creatures
  A troll (D:8)
  Grinder (D:3)
  2 steam dragons (D:7)
  A water moccasin (D:7)
  A sky beast (D:6)
  An ice beast (D:8)
  A black bear (D:7)
  A necrophage (D:8)
  A phantom (D:7)
  A centaur (D:8)
  Blork the orc (D:4)
  2 bullfrogs (D:7)
  2 scorpions
  A water moccasin skeleton (D:5)
  4 wights (D:7)
  A centaur zombie (D:7)
  A jelly (D:5)
  3 bullfrog skeletons
  3 iguanas
  Ijyb (D:4)
  Natasha (D:2)
  3 orc wizards
  A killer bee zombie (D:6)
  A hound skeleton (D:4)
  Robin (D:1)
  3 gnolls (D:4)
  A howler monkey skeleton (D:6)
  10 adders
  2 shadow imps
  A white imp (D:8)
  A worm (D:4)
  2 dart slugs (D:1)
  8 orcs
  2 endoplasms
  2 giant cockroaches
  14 goblins
  9 hobgoblins
  3 jackals (D:1)
  6 kobolds
  5 quokkas
  7 ball pythons
  6 bats
  4 frilled lizards
  2 rats (D:3)
125 creatures vanquished.

Notes
Turn   | Place    | Note
-------+----------+-------------------------------------------
     0 | D:1      | jimonade the Gnoll Wanderer began the quest for the Orb.
     0 | D:1      | jimonade set off with the following items: a +2
                  | quarterstaff, a piece from Xom's chessboard (15/15), a +0
                  | robe; and the following spell memorised: Shock; and the
                  | following spells available to memorise: Swiftness
     0 | D:1      | Reached XP level 1. HP: 13/13 MP: 4/4
   242 | D:1      | Reached XP level 2. HP: 15/19 MP: 0/5
   735 | D:1      | Reached XP level 3. HP: 25/25 MP: 0/7
  1123 | D:2      | Noticed Robin
  1219 | D:2      | Found a faded altar of an unknown god.
  1374 | D:2      | Reached skill level 1 in Invocations
  1716 | D:1      | Reached skill level 1 in Fighting
  1716 | D:1      | Reached skill level 1 in Short Blades
  1716 | D:1      | Reached skill level 1 in Long Blades
  1716 | D:1      | Reached skill level 1 in Axes
  1716 | D:1      | Reached skill level 1 in Maces & Flails
  1716 | D:1      | Reached skill level 1 in Polearms
  1716 | D:1      | Reached skill level 1 in Slings
  1716 | D:1      | Reached skill level 1 in Bows
  1716 | D:1      | Reached skill level 1 in Crossbows
  1716 | D:1      | Reached skill level 1 in Throwing
  1716 | D:1      | Reached skill level 1 in Armour
  1716 | D:1      | Reached skill level 1 in Stealth
  1716 | D:1      | Reached skill level 1 in Shields
  1716 | D:1      | Reached skill level 1 in Unarmed Combat
  1722 | D:1      | Killed Robin
  1723 | D:1      | Reached XP level 4. HP: 2/32 MP: 8/8
  2292 | D:2      | Noticed Natasha
  2316 | D:2      | Killed Natasha
  2317 | D:2      | Reached skill level 1 in Conjurations
  2317 | D:2      | Reached skill level 1 in Hexes
  2317 | D:2      | Reached skill level 1 in Summonings
  2317 | D:2      | Reached skill level 1 in Necromancy
  2317 | D:2      | Reached skill level 1 in Translocations
  2317 | D:2      | Reached skill level 1 in Transmutations
  2317 | D:2      | Reached skill level 1 in Fire Magic
  2317 | D:2      | Reached skill level 1 in Ice Magic
  2317 | D:2      | Reached skill level 1 in Earth Magic
  2317 | D:2      | Reached skill level 1 in Poison Magic
  2696 | D:3      | Reached XP level 5. HP: 37/37 MP: 9/9
  2726 | D:3      | Noticed Grinder
  2747 | D:2      | Identified a scroll of acquirement
  2747 | D:2      | Acquired the +2 hat "Qeicom" {rC- rN+++ Int+7}
  2828 | D:3      | Paralysed by Grinder for 4 turns
  2843 | D:3      | Killed Grinder
  2844 | D:3      | Reached skill level 5 in Evocations
  2844 | D:3      | Reached XP level 6. HP: 7/44 MP: 9/11
  3760 | D:4      | Reached XP level 7. HP: 50/50 MP: 9/12
  3823 | D:4      | Learned a level 2 spell: Searing Ray
  3905 | D:4      | Noticed Blork the orc
  3906 | D:4      | Identified the +2 robe of Inaction {Str+4}
  4102 | D:4      | Found Jenkoihu's Weapon Emporium.
  4148 | D:4      | Killed Blork the orc
  4486 | D:4      | Noticed Ijyb
  4490 | D:4      | Killed Ijyb
  4610 | D:5      | Entered Level 5 of the Dungeon
  4654 | D:4      | Learned a level 3 spell: Swiftness
  4668 | D:5      | Reached skill level 9 in Staves
  4764 | D:5      | Found an opulent altar of Gozag.
  5229 | D:5      | Found a broken altar of Ashenzari.
  5279 | D:5      | Found a basalt altar of Yredelemnul.
  5439 | D:5      | Reached XP level 8. HP: 57/57 MP: 11/14
  5733 | D:6      | Found a sacrificial altar of Ru.
  6129 | D:6      | You fall into a shaft and drop 2 floors!
  6139 | D:8      | Noticed a troll
  6394 | D:7      | Found a flagged portal.
  7366 | D:7      | Found a sparkling altar of Nemelex Xobeh.
  7549 | D:7      | Reached skill level 5 in Air Magic
  7549 | D:7      | Reached XP level 9. HP: 52/65 MP: 13/16
  8152 | D:7      | Found a glowing silver altar of Zin.
  8153 | D:7      | Noticed an angel
  8309 | D:7      | Reached skill level 5 in Spellcasting
  8459 | D:8      | Killed a troll
  8460 | D:8      | Reached skill level 5 in Dodging
  9004 | D:8      | Noticed a green ugly thing
  9096 | D:7      | Succumbed to a green ugly thing's poison

Illustrated notes

Levels and vault maps discovered:
D:1:      onia_arrival_pyramid, layout_loops_ring
D:2:      layout_basic, shapermc_ecumenical_altar_totnotflames, uniq_robin,
          uniq_natasha
D:3:      layout_rooms, uniq_grinder
D:4:      layout_rooms, serial_shops, nicolae_shop_statue_plus,
          uniq_blork_the_orc, uniq_ijyb
D:5:      layout_basic, old_standard_altar, mainiacjoe_overflow_paths,
          nicolae_gozag_seed_capital
D:6:      layout_basic, lemuel_tele_altar, minmay_temple_entry_slanted,
          cheibrodos_sewer_entry_drain, skrybe_limestone_x
D:7:      layout_gridville, zin_angel, lemuel_doored_altar, enter_bailey_2
D:8:      layout_rooms, kennysheep_mini_moat,
          nicolae_uskayaw_murder_on_the_dancefloor

Skill      XL: |  1  2  3  4  5  6  7  8  9 |
---------------+----------------------------+-----
Invocations    | 1 2 3 4 |  4.7
Fighting       | 1 2 3 4 |  4.3
Short Blades   | 1 2 3 4 |  4.3
Long Blades    | 1 2 3 4 |  4.3
Axes           | 1 2 3 4 |  4.3
Maces & Flails | 1 2 3 4 |  4.3
Polearms       | 1 2 3 4 |  4.3
Slings         | 1 2 3 4 |  4.3
Bows           | 1 2 3 4 |  4.3
Crossbows      | 1 2 3 4 |  4.3
Throwing       | 1 2 3 4 |  4.3
Armour         | 1 2 3 4 |  4.3
Stealth        | 1 2 3 4 |  4.3
Shields        | 1 2 3 4 |  4.3
Unarmed Combat | 1 2 3 4 |  4.3
Spellcasting   | 3 4 5 |  5.2
Conjurations   | 1 2 3 |  3.5
Hexes          | 1 2 3 |  3.5
Summonings     | 1 2 3 |  3.5
Necromancy     | 1 2 3 |  3.5
Translocations | 1 2 3 |  3.5
Transmutations | 1 2 3 |  3.5
Fire Magic     | 1 2 3 |  3.5
Ice Magic      | 1 2 3 |  3.5
Earth Magic    | 1 2 3 |  3.5
Poison Magic   | 1 2 3 |  3.5
Dodging        | 3 4 5 |  5.1
Air Magic      | 4 5 |  5.2
Evocations     | 5 6 |  6.3
Staves         | 9 |  9.6

Action                   |  1- 3 |  4- 6 |  7- 9 || total
-------------------------+-------+-------+-------++-------
Melee: Quarterstaff      |    77 |    60 |    87 ||   224
       Bite              |     5 |     7 |    14 ||    26
 Cast: Shock             |    44 |    12 |     4 ||    60
       Searing Ray       |       |       |    62 ||    62
       Swiftness         |       |       |     1 ||     1
Evoke: Wand              |       |       |     1 ||     1
  Use: Scroll            |     1 |     4 |     6 ||    11
       Potion            |       |       |     1 ||     1
 Stab: Sleeping          |     2 |       |     2 ||     4
Armor: Robe              |    13 |       |    20 ||    33
       Ring mail         |       |    25 |       ||    25
       Leather armour    |       |       |     2 ||     2
       Steam dragon scal |       |       |    16 ||    16
       Plate armour      |       |       |     4 ||     4
Dodge: Dodged            |    41 |    45 |   103 ||   189
